 Dungeon Crawl Stone Soup version 0.26-a0-800-g517d6fe721 (webtiles) character file.

Game seed: 4424807828031619896

7251 dickylongcocking the Fighter (level 11, -1/106 HPs)
             Began as a Naga Earth Elementalist on Nov 12, 2020.
             Was a Priest of Ashenzari.
             Slain by Snorg (13 damage)
             ... on level 10 of the Dungeon.
             The game lasted 00:14:59 (13746 turns).

dickylongcocking the Fighter (NaEE)                Turns: 13746, Time: 00:15:00

Health: -1/106     AC:  8    Str: 10    XL:     11   Next: 12%
Magic:  0/15       EV:  9    Int: 20    God:    Ashenzari [***...]
Gold:   750        SH: 11    Dex: 17    Spells: 8/16 levels left

rFire    . . .     SeeInvis +   D - +1 falchion (vorpal)
rCold    . . .     Faith    .   n - +0 kite shield (curse)
rNeg     . . .     Spirit   .   x - +0 leather armour
rPois    +         Reflect  .   r - +1 helmet
rElec    .         Harm     .   (no cloak)
rCorr    .         Rampage  .   s - +0 pair of gloves
MR       ++...                  (no barding)
Stlth    ++........             (no amulet)
HPRegen  0.27/turn              p - ring of protection from magic (curse)
MPRegen  0.14/turn              t - +6 ring of dexterity (curse)

@: frozen ramparts, very slow
A: large, see invisible, deformed body, poison resistance, slowness 2, spit
poison 1, AC +3
a: Spit Poison, Curse Item, Scrying, Renounce Religion


You were on level 10 of the Dungeon.
You worshipped Ashenzari.
Ashenzari was most pleased with you.
You visited 2 branches of the dungeon, and saw 11 of its levels.

You collected 750 gold pieces.

Inventory:

Hand Weapons
 e - a +2 short sword of speed
 y - a +0 morningstar
 D - a +1 vorpal falchion (weapon)
 G - a +0 lajatang
Missiles
 F - 132 stones (quivered)
Armour
 c - a +0 robe
 n - a cursed +0 kite shield (worn)
 r - a +1 helmet (worn)
 s - a +0 pair of gloves (worn)
 x - a +0 leather armour (worn)
Jewellery
 o - an uncursed ring of protection from cold
 p - a cursed ring of protection from magic (left hand)
 t - a cursed +6 ring of dexterity (right hand)
 E - an uncursed ring of magical power
Wands
 d - a wand of enslavement (1)
 k - a wand of random effects (16)
 m - a wand of paralysis (3)
 v - a wand of disintegration (14)
 z - a wand of digging (6)
 A - a wand of iceblast (11)
 C - a wand of polymorph (10)
Scrolls
 a - 3 scrolls of amnesia
 b - a scroll of fear
 f - a scroll of enchant weapon
 g - 11 scrolls of identify
 h - 4 scrolls of immolation
 i - 8 scrolls of teleportation
 j - a scroll of blinking
 q - 4 scrolls of enchant armour
 B - 2 scrolls of remove curse
 H - a scroll of magic mapping {unknown}
Potions
 l - a potion of resistance
 u - a potion of flight
 w - a potion of curing


   Skills:
 * Level 9.1 Fighting
 - Level 1.9 Short Blades
 - Level 1.6 Dodging
 - Level 3.5 Stealth
 - Level 8.0(9.9) Shields
 - Level 3.1 Spellcasting
 * Level 4.8(6.6) Conjurations
   Level 1.0(2.1) Transmutations
 * Level 4.9(6.8) Fire Magic
 * Level 5.4(7.3) Ice Magic
 - Level 4.3(6.1) Earth Magic


You had 8 spell levels left.
You knew the following spells:

 Your Spells              Type           Power        Failure   Level
a - Sandblast             Erth           ####..       1%          1
f - Frozen Ramparts       Ice            ####..       2%          3
s - Sticky Flame          Conj/Fire      ####....     12%         4

Your spell library contained the following spells:

 Spells                   Type           Power        Failure   Level
 Foxfire                  Conj/Fire      ####         1%          1
 Freeze                   Ice            ####         1%          1
 Ozocubu's Armour         Ice            ####....     2%          3
 Conjure Flame            Conj/Fire      ####....     3%          3
 Stone Arrow              Conj/Erth      ####..       4%          3
 Passwall                 Tmut/Erth      ###.....     5%          2
 Ensorcelled Hibernation  Hex/Ice        ###...       6%          2
 Hailstorm                Conj/Ice       ####....     11%         4
 Dazzling Flash           Conj/Hex       ###...       14%         3
 Inner Flame              Hex/Fire       ###.....     14%         3
 Corona                   Hex            #......      17%         1
 Fireball                 Conj/Fire      ####......   32%         5
 Petrify                  Tmut/Erth      ###.....     34%         4
 Summon Ice Beast         Ice/Summ       ###.....     38%         4
 Lee's Rapid Deconstruct  Erth           ####......   38%         5
 Confusing Touch          Hex            #.......     45%         3
 Tukima's Dance           Hex            #.......     45%         3


Dungeon Overview and Level Annotations

Branches:
Dungeon (10/15)            Temple (1/1) D:7            Lair (0/6) D:10
    Orc (0/2) D:9

Altars:
Ashenzari
Cheibriados
Dithmenos
Elyvilon
Fedhas
Gozag
Hepliaklqana
Kikubaaqudgha
Makhleb
Nemelex Xobeh
Okawaru
Qazlal
Ru
Sif Muna
Trog
Uskayaw
Vehumet
Wu Jian
Xom
Yredelemnul
Zin
The Shining One

Annotations:
D:10 3 runed translucent doors, Snorg


Innate Abilities, Weirdness & Mutations

You cannot wear boots.
Your serpentine skin is tough. (AC +3)
You have supernaturally acute eyesight. (SInv)
Armour fits poorly on your strangely shaped body.
Your system is resistant to poisons. (rPois)
You cover ground very slowly.
You can spit poison.


Message History

Snorg barely misses you. You block Snorg's attack.
Unknown command.
Evoke which item? (* to show all) (? for menu, Esc to quit)
Okay, then.
Casting: Frozen Ramparts (mildly dangerous; 2% risk of failure)
Confirm with . or Enter, or press ? or * to list all spells.
You don't know that spell.
Unknown command.
Casting: Frozen Ramparts (mildly dangerous; 2% risk of failure)
Confirm with . or Enter, or press ? or * to list all spells.
Aiming: Sticky Flame (dangerous; 12% risk of failure)
Press: ? - help, Shift-Dir - straight line, f/p - Snorg
Aim: Snorg (almost dead, berserk, covered in liquid flames)
The sticky flame hits Snorg!
Snorg is almost dead.
Snorg is covered in liquid flames!
Snorg burns!
The wall freezes Snorg.
You block Snorg's attack. Snorg barely misses you. Snorg claws you!
* * * LOW HITPOINT WARNING * * *
The wall freezes Snorg.
You block Snorg's attack. Snorg claws you!
You die...

#........#, ,
#........#
#........#, ,
#........#
#........#, ,
#........###+
#........$...
#.........#.,
, *
#..@T.....#
,,
#.######..#,
#.# .# #.# *,
.. ,, #.# *,
## *
#.######. ,,
#........#,
#........# ,
,,
#..#.....#, ,


You could see Snorg (berserk, burning).

Vanquished Creatures
  Erolcha (D:10)
  An unseen horror (D:10)
  Grinder (D:3)
  6 yaks
  A wraith (D:8)
  2 water moccasins
  A sky beast (D:8)
  3 orc warriors
  2 ice beasts
  A black bear (D:9)
  A phantom (D:4)
  9 ogres
  3 centaurs
  2 big kobolds (D:10)
  5 bullfrogs
  A scorpion (D:5)
  A water moccasin skeleton (D:9)
  A troll zombie (D:9)
  13 killer bees
  5 howler monkeys (D:8)
  A bullfrog zombie (D:9)
  2 hounds
  4 centaur skeletons
  A quasit (D:6)
  2 bullfrog skeletons
  2 jellies
  2 orc priests
  2 orc wizards
  An iguana (D:6)
  6 worker ants
  6 ogre zombies (D:9)
  2 hound zombies
  A hound skeleton (D:7)
  A worker ant zombie (D:5)
  A howler monkey skeleton (D:5)
  14 adders
  A shadow imp (D:8)
  5 white imps
  4 ufetubi
  An ooze (D:2)
  An adder zombie (D:7)
  An adder skeleton (D:4)
  4 worms
  A dart slug (D:3)
  5 leopard geckos
  33 orcs
  7 bats
  7 giant cockroaches
  13 goblins
  6 hobgoblins
  20 jackals
  A quokka (D:3)
  A ball python (D:2)
  4 frilled lizards
  3 goblin zombies (D:9)
  3 hobgoblin zombies (D:9)
  14 kobolds
  2 leopard gecko skeletons
  5 orc skeletons (D:9)
  13 orc zombies (D:9)
  3 rats
266 creatures vanquished.

Vanquished Creatures (collateral kills)
  2 phantoms (D:9)
  An ogre zombie (D:9)
  An orc skeleton (D:9)
4 creatures vanquished.

Vanquished Creatures (others)
  18 plants (D:6)
18 creatures vanquished.

Grand Total: 288 creatures vanquished

Notes
Turn   | Place    | Note
-------+----------+-------------------------------------------
     0 | D:1      | dickylongcocking the Naga Earth Elementalist began the
                  | quest for the Orb.
     0 | D:1      | Reached XP level 1. HP: 15/15 MP: 3/3
   315 | D:1      | Reached XP level 2. HP: 22/22 MP: 3/5
   678 | D:2      | Found a broken altar of Ashenzari.
   686 | D:2      | Reached XP level 3. HP: 8/28 MP: 2/6
   738 | D:2      | Became a worshipper of Ashenzari the Shackled
  1138 | D:2      | Reached XP level 4. HP: 33/36 MP: 3/7
  1140 | D:2      | Reached skill level 1 in Short Blades
  2044 | D:3      | Reached XP level 5. HP: 39/42 MP: 0/9
  2307 | D:3      | Noticed Grinder
  2332 | D:3      | Paralysed by Grinder for 5 turns
  2338 | D:3      | Killed Grinder
  2338 | D:3      | Reached XP level 6. HP: 34/49 MP: 2/10
  2940 | D:3      | Reached XP level 7. HP: 43/55 MP: 11/11
  3442 | D:4      | Reached skill level 5 in Shields
  3996 | D:4      | Reached skill level 1 in Fighting
  4230 | D:4      | Reached skill level 2 in Fighting
  4230 | D:4      | Reached XP level 8. HP: 67/67 MP: 9/12
  4623 | D:5      | Entered Level 5 of the Dungeon
  4852 | D:5      | Found an ornate altar of the Wu Jian Council.
  4873 | D:5      | Reached skill level 3 in Fighting
  4942 | D:5      | Reached * piety under Ashenzari
  5650 | D:6      | Reached skill level 4 in Fighting
  6209 | D:7      | Reached ** piety under Ashenzari
  6258 | D:7      | Found a staircase to the Ecumenical Temple.
  6267 | D:7      | Reached skill level 5 in Fighting
  6279 | Temple   | Entered the Ecumenical Temple
  6567 | D:7      | Reached XP level 9. HP: 72/81 MP: 8/13
  6668 | D:7      | Found a radiant altar of Vehumet.
  6804 | D:7      | Reached skill level 6 in Fighting
  7807 | D:7      | Found a shimmering blue altar of Sif Muna.
  8199 | D:8      | Reached skill level 7 in Fighting
  8226 | D:8      | Noticed a +0 hand axe
  8226 | D:8      | Noticed a +0 dagger
  8231 | D:8      | Learned a level 3 spell: Frozen Ramparts
  8235 | D:8      | Found a hide-covered altar of Uskayaw.
  8264 | D:8      | Reached skill level 1 in Ice Magic
  8427 | D:8      | Found a glowing golden altar of the Shining One.
  8683 | D:8      | Learned a level 4 spell: Sticky Flame
  9308 | D:9      | Reached skill level 1 in Fire Magic
  9708 | D:8      | Reached XP level 10. HP: 44/94 MP: 5/14
  9709 | D:8      | Reached skill level 1 in Conjurations
 10580 | D:9      | Found a staircase to the Orcish Mines.
 11267 | D:9      | Found a bloodstained altar of Trog.
 11324 | D:9      | Reached *** piety under Ashenzari
 11623 | D:9      | Reached skill level 8 in Fighting
 12648 | D:10     | Entered Level 10 of the Dungeon
 12709 | D:10     | Noticed an unseen horror
 12826 | D:10     | Noticed Erolcha
 12834 | D:10     | Killed Erolcha
 13228 | D:10     | Found a runed translucent gate.
 13229 | D:10     | Noticed a cyan ugly thing
 13229 | D:10     | Noticed a purple ugly thing
 13230 | D:10     | Found a runed translucent gate.
 13231 | D:10     | Noticed a brown ugly thing
 13234 | D:10     | Noticed a brown ugly thing
 13234 | D:10     | Noticed a cyan very ugly thing
 13235 | D:10     | Found a runed translucent gate.
 13235 | D:10     | Noticed a white ugly thing
 13409 | D:10     | Reached skill level 5 in Ice Magic
 13410 | D:10     | Reached XP level 11. HP: 34/104 MP: 12/15
 13412 | D:10     | Killed an unseen horror
 13412 | D:10     | Reached skill level 9 in Fighting
 13734 | D:10     | Noticed Snorg
 13746 | D:10     | Slain by Snorg

Illustrated notes

Levels and vault maps discovered:
D:1:      dpeg_arrival_tiny_d, layout_loops_ring
D:2:      layout_basic, evilmike_ruin_ashenzari
D:3:      layout_rooms, minmay_ogre_servants, uniq_grinder
D:4:      layout_rooms, amethyst_killhole
D:5:      layout_basic, basic_altar, hangedman_decor_peaks_small
D:6:      layout_loops_ring, kennysheep_boxes
D:7:      layout_basic, led_sif_pool, vehumet_crystals,
          minmay_temple_entry_offerings
D:8:      layout_basic, dancing_weapons_uskayaw, overflow_temple_1_default
D:9:      layout_irregular_city, bloody_trog, zombieorc2_lemuel
D:10:     layout_stronghold, lair_entry_dummy,
          ploomutoo_gammafunk_ghost_potion_laboratory, uniq_joseph, uniq_snorg,
          uniq_erolcha
Temple:   minmay_crystal_spiral_temple

Skill      XL: |  1  2  3  4  5  6  7  8  9 10 11 |
---------------+----------------------------------+-----
Earth Magic    | 4 |  4.3
Short Blades   | 1 |  1.9
Spellcasting   | 3 |  3.1
Shields        | 3 4 5 7 8 |  8.0
Fighting       | 2 5 7 8 9 |  9.1
Ice Magic      | 2 5 |  5.4
Fire Magic     | 1 4 |  4.9
Conjurations   | 4 |  4.8
Dodging        | |  1.6
Stealth        | |  3.5
Transmutations | |  1.0

Action                   |  1- 3 |  4- 6 |  7- 9 | 10-12 || total
-------------------------+-------+-------+-------+-------++-------
Melee: Short sword       |     4 |    64 |   217 |       ||   285
       Morningstar       |       |       |    86 |       ||    86
       Falchion          |       |       |    49 |   220 ||   269
 Cast: Sandblast         |    28 |    53 |   139 |     9 ||   229
       Frozen Ramparts   |       |       |    12 |    30 ||    42
       Sticky Flame      |       |       |       |    21 ||    21
Invok: Curse Item        |       |     1 |     2 |       ||     3
 Abil: Spit Poison       |       |     6 |    10 |     3 ||    19
Evoke: Wand              |       |       |     6 |     8 ||    14
  Use: Potion            |     1 |     6 |     5 |     3 ||    15
       Scroll            |       |       |     2 |     5 ||     7
 Stab: Sleeping          |       |       |     6 |       ||     6
       Paralysed         |       |       |     3 |       ||     3
Armor: Skin              |     5 |       |       |    17 ||    22
       Robe              |       |    22 |    40 |       ||    62
       Leather armour    |       |       |    96 |    66 ||   162
Dodge: Dodged            |     6 |    29 |   209 |   113 ||   357
Block: Kite shield       |       |    14 |   271 |   205 ||   490
       Rpst.: Falchion   |       |       |     6 |    30 ||    36

Table legend: (Time is in decaauts)
 A = Elapsed time spent in this place.
 B = Non-inter-level travel time spent in this place.
 C = Inter-level travel time spent in this place.
 D = Time resting spent in this place.
 E = Time spent auto-exploring this place.
 F = Levels seen in this place.
 G = Mean time per level.
                   A        B        C        D        E       F      G
               +--------+--------+--------+--------+--------+-----+--------+
         Total |  15838 |  15379 |    459 |   2629 |  10245 |  11 | 1439.8 |
       Dungeon |  15565 |  15223 |    342 |   2629 |  10089 |  10 | 1556.5 |
        Temple |    273 |    157 |    116 |      0 |    155 |   1 |  273.0 |
               +--------+--------+--------+--------+--------+-----+--------+

Top non-repeatable levels by time:
     D:8: 3064 daAuts
     D:9: 2368 daAuts
     D:7: 1741 daAuts
     D:4: 1673 daAuts
     D:2: 1511 daAuts
     D:3: 1253 daAuts
    D:10: 1208 daAuts
     D:6: 1046 daAuts
     D:1: 852 daAuts
     D:5: 844 daAuts
  Temple: 273 daAuts
